 Dungeon Crawl Stone Soup version 0.28-a0-1435-g82390b3a13 (webtiles) character file.

Game seed: 15242723897600044339

29045 leviel the Cleaver (level 13, -2/118 HPs)
             Began as a Hill Orc Fighter on Jan 10, 2022.
             Was a High Priest of Makhleb.
             Slain by an enormous slime creature (70 damage)
             ... on level 13 of the Dungeon.
             The game lasted 00:24:41 (18574 turns).

leviel the Cleaver (Hill Orc Fighter)              Turns: 18574, Time: 00:24:41

Health: -2/118     AC: 29    Str: 22    XL:     13   Next: 42%
Magic:  21/21      EV:  6    Int:  8    God:    Makhleb [*****.]
Gold:   53         SH: 11    Dex: 12    Spells: 12/12 levels left

rFire   . . .      SeeInvis .   l - +5 broad axe of Offence {elec, rElec Str-4 Dex+2}
rCold   . . .      Faith    .   G - +0 kite shield
rNeg    + . .      Spirit   .   s - +3 plate armour {rN+}
rPois   .          Reflect  .   q - +2 helmet
rElec   +          Harm     .   (no cloak)
rCorr   .          Rampage  .   C - +0 pair of gloves
Will    .....                   g - +1 pair of boots
Stlth   ..........              (no amulet)
HPRegen 0.29/turn               w - +4 ring of slaying
MPRegen 0.17/turn               r - +4 ring of protection

@: studying Evocations
A: strong 1
a: Renounce Religion, Minor Destruction, Lesser Servant of Makhleb, Major
Destruction, Greater Servant of Makhleb


You were on level 13 of the Dungeon.
You worshipped Makhleb.
Makhleb was extremely pleased with you.
You visited 3 branches of the dungeon, and saw 16 of its levels.
You also visited: Bailey.

You collected 981 gold pieces.
You spent 928 gold pieces at shops.

Inventory:

Hand Weapons
 a - a +1 war axe
 l - the +5 broad axe of Offence (weapon) {elec, rElec Str-4 Dex+2}
   (You acquired it on level 4 of the Dungeon)

   It occasionally discharges a powerful burst of electricity upon striking a
   foe.
   Str:       It affects your strength (-4).
   Dex:       It affects your dexterity (+2).
   rElec:     It insulates you from electricity.
 N - the +8 trident of the Octopus King {venom, rElec rPois}
   (You found it on level 12 of the Dungeon)

   It poisons the flesh of those it strikes.
   rElec:     It insulates you from electricity.
   rPois:     It protects you from poison.
Missiles
 x - 67 poisoned darts
Armour
 g - a +1 pair of boots (worn)
 q - a +2 helmet (worn)
 s - a +3 plate armour of positive energy (worn)
 C - a +0 pair of gloves (worn)
 G - a +0 kite shield (worn)
Jewellery
 i - a ring of resist corrosion
 r - a +4 ring of protection (right hand)
 w - a +4 ring of slaying (left hand)
 y - a ring of protection from cold
 I - a ring of protection from fire
Wands
 e - a wand of polymorph (21)
 k - a wand of flame (26)
 A - a wand of paralysis (15)
 D - a wand of iceblast (9)
 H - a wand of mindburst (3) (quivered)
 J - a wand of digging (3)
 O - a wand of acid (6)
Scrolls
 b - 2 scrolls of amnesia
 j - 4 scrolls of fog
 o - 2 scrolls of fear
 t - 3 scrolls of silence
 v - 5 scrolls of teleportation
 B - 2 scrolls of enchant weapon {@r3}
 E - a scroll of blinking
 F - 2 scrolls of identify {@r1}
 K - 2 scrolls of summoning
 L - a scroll of magic mapping
Potions
 c - a potion of cancellation {unknown}
 d - 2 potions of invisibility
 f - 6 potions of attraction
 h - 3 potions of brilliance
 m - 5 potions of heal wounds
 n - 11 potions of curing
 p - a potion of lignification
 u - 6 potions of magic
 z - 3 potions of might
 M - 2 potions of flight {unknown}


   Skills:
 + Level 12.2 Fighting
 + Level 12.9 Axes
 + Level 11.3 Armour
 + Level 11.3 Shields
 * Level 11.0 Invocations
 + Level 10.4 Evocations


You had 12 spell levels left.
You didn't know any spells.
Your spell library contained the following spells:

 Spells                   Type           Power      Damage    Failure   Level
 Foxfire                  Conj/Fire      0%         2x1d4     100%        1
 Sandblast                Erth           0%         2d4       100%        1
 Passwall                 Tmut/Erth      0%         N/A       100%        2
 Confusing Touch          Hex            0%         N/A       100%        3
 Conjure Flame            Conj/Fire      0%         6-21      100%        3
 Inner Flame              Hex/Fire       0%         N/A       100%        3
 Ozocubu's Armour         Ice            0%         N/A       100%        3
 Stone Arrow              Conj/Erth      0%         3d7       100%        3
 Animate Dead             Necr           0%         N/A       100%        4
 Flame Wave               Conj/Fire      0%         2d4       100%        4
 Leda's Liquefaction      Hex/Erth       0%         N/A       100%        4
 Lee's Rapid Deconstruct  Erth           0%         3d5*      100%        5
 Metabolic Englaciation   Hex/Ice        0%         N/A       100%        5
 Yara's Violent Unravell  Hex/Tmut       0%         3d3       100%        5
 Iron Shot                Conj/Erth      0%         9d1       100%        6
 Simulacrum               Ice/Necr       0%         N/A       100%        6
 Statue Form              Tmut/Erth      0%         N/A       100%        6
 Enfeeble                 Hex            0%         N/A       100%        7
 Haunt                    Necr/Summ      0%         N/A       100%        7
 Infestation              Necr           0%         N/A       100%        8


Dungeon Overview and Level Annotations

Branches:
Dungeon (13/15)            Temple (1/1) D:7            Lair (2/6) D:10
    Orc (0/2) D:12         Bailey (visited)
  Swamp: Lair:2-4    Shoals: Lair:2-4     Snake: Lair:2-4    Spider: Lair:2-4
 Vaults: D:13-14

Altars:
Ashenzari
Cheibriados
Dithmenos
Elyvilon
Fedhas
Gozag
Hepliaklqana
Kikubaaqudgha
Makhleb
Nemelex Xobeh
Okawaru
Qazlal
Ru
Sif Muna
Trog
Uskayaw
Vehumet
Wu Jian
Xom
Yredelemnul
Zin
The Shining One

Shops:
D:10 =*   D:12 (!(??


Innate Abilities, Weirdness & Mutations

Your muscles are strong. (Str +2)


Message History

Key pressed, stopping explore.
A slime creature comes into view.
Okay, then.
A slime creature comes into view.
The slime creature quivers. 2 slime creatures come into view.
The slime creature quivers. x2
Two slime creatures merge to form a large slime creature.
You block the slime creature's attack.
You hit the slime creature.
The slime creature is lightly wounded.
You block the slime creature's attack.
You slice the slime creature!!
The slime creature is heavily wounded.
The slime creature hits you but does no damage.
You slice the slime creature!!
The slime creature is almost dead.
Two slime creatures merge to form a large slime creature.
You barely miss the large slime creature.
The large slime creature is moderately wounded.
You block the large slime creature's attack.
You slash the large slime creature!
Lightning courses through the large slime creature!
The large slime creature is heavily wounded.
The large slime creature hits you.
You slice the large slime creature!!
The large slime creature is severely wounded.
The large slime creature hits you but does no damage.
You barely miss the large slime creature.
The large slime creature is severely wounded.
Two slime creatures merge to form an enormous slime creature.
You hit the enormous slime creature.
Lightning courses through the enormous slime creature!
The enormous slime creature is heavily wounded.
You hit the enormous slime creature.
The enormous slime creature is heavily wounded.
The enormous slime creature hits you!!! The enormous slime creature hits you!!!
Ouch! That really hurt!
You die...

#.#.#.#
#.#.#.#
#.#.#.#
#.#.#.#
#.#.#.####
#.#.#....#
#.#.####.#
##########.#.#
#.#
.......J@..#.#
#(#
.###########.#
#.# #.# #.#
#.# #.# #.#
#.# #.# #.#
#.# #.# #.#
#.# #.# #.#


You could see an enormous slime creature.

Vanquished Creatures
  2 hydras
  A centaur warrior (D:13)
  A boulder beetle (D:13)
  A catoblepas (D:13)
  Erica (D:9)
  The ghost of rogsnak the Destroyer, a journeyman DsAE of Sif Muna (D:9)
  2 two-headed ogres
  Nergalle (D:10)
  A deep elf zephyrmancer (Bailey)
  An orc knight (Bailey)
  A deep elf pyromancer (D:12)
  3 manticores (D:12)
  2 cyclopes
  2 cane toads
  3 gargoyles
  A kobold demonologist (D:12)
  4 komodo dragons
  3 meliai (D:13)
  5 trolls
  4 blink frogs (Lair:1)
  A hornet (D:9)
  4 wraiths (D:12)
  A ynoxinul (D:9)
  17 yaks
  A shadow (D:12)
  2 vampires
  3 wyverns
  4 basilisks
  4 vampire mosquitoes (D:12)
  2 acid dragons
  8 water moccasins
  Duvessa (D:6)
  10 orc warriors
  An ice beast (D:6)
  4 sky beasts
  4 black bears
  A necrophage (D:5)
  2 hornet zombies
  7 wolves
  An ogre (D:3)
  7 centaurs
  2 phantoms
  6 bullfrogs
  5 kobold brigands
  2 scorpions
  2 wyvern skeletons
  Dowan (D:6)
  3 troll zombies (D:12)
  A water moccasin skeleton (D:6)
  5 killer bees
  2 electric eels (D:7)
  6 howler monkeys
  3 centaur zombies
  2 jellies (D:5)
  3 hounds
  8 orc priests
  2 iguanas
  Ijyb (D:3)
  14 orc wizards
  A killer bee zombie (D:8)
  2 ogre zombies (D:12)
  Robin (D:2)
  2 howler monkey skeletons (D:7)
  6 gnolls
  9 adders
  An ufetubus (D:6)
  An adder skeleton (D:4)
  2 worms
  A dart slug (D:4)
  44 orcs
  5 bats
  An endoplasm (D:1)
  3 giant cockroaches
  14 goblins
  13 hobgoblins
  6 jackals
  7 ball pythons
  A frilled lizard (D:1)
  A goblin zombie (D:12)
  A hobgoblin zombie (D:12)
  16 kobolds
  3 orc skeletons (D:12)
  6 orc zombies (D:12)
  A quokka skeleton (D:4)
  7 rats
348 creatures vanquished.

Vanquished Creatures (collateral kills)
  A two-headed ogre (D:11)
  A centaur zombie (D:10)
  A troll (D:10)
  A wyvern (D:10)
  A yak (D:10)
  2 orc warriors (Bailey)
  A wolf (D:10)
  3 killer bees
  An orc (Bailey)
12 creatures vanquished.

Vanquished Creatures (others)
  A troll zombie (D:12)
  2 ogre zombies (D:12)
  3 goblin zombies (D:12)
  2 hobgoblin skeletons (D:12)
  A hobgoblin zombie (D:12)
  8 orc zombies (D:12)
  2 fungi (D:10)
  22 plants
41 creatures vanquished.

Grand Total: 401 creatures vanquished

Notes
Turn   | Place    | Note
-------+----------+-------------------------------------------
     0 | D:1      | leviel the Hill Orc Fighter began the quest for the Orb.
     0 | D:1      | Reached XP level 1. HP: 19/19 MP: 1/1
   205 | D:1      | Reached XP level 2. HP: 27/27 MP: 2/2
   317 | D:1      | Found a faded altar of an unknown god.
   369 | D:1      | Prayed at the altar of an unknown god.
   369 | D:1      | Became a worshipper of Makhleb the Destroyer
   369 | D:1      | Reached * piety under Makhleb
   902 | D:2      | HP: 1/27 [poisoned by an adder]
   903 | D:2      | Reached XP level 3. HP: 1/33 MP: 3/3
  1532 | D:2      | Noticed Robin
  1556 | D:2      | Killed Robin
  1557 | D:2      | Reached XP level 4. HP: 5/40 MP: 4/4
  2367 | D:3      | Gained mutation: You are frail. (-10% HP) [potion of
                  | mutation]
  2367 | D:3      | Gained mutation: You expend magic power (3 MP) to
                  | strengthen your wands. [potion of mutation]
  2484 | D:3      | Noticed Ijyb
  2488 | D:3      | Reached ** piety under Makhleb
  2503 | D:3      | Reached XP level 5. HP: 33/42 MP: 5/5
  2507 | D:3      | Killed Ijyb
  3327 | D:3      | Reached XP level 6. HP: 24/49 MP: 6/6
  3333 | D:3      | Reached skill level 5 in Fighting
  3801 | D:4      | Reached skill level 5 in Axes
  4935 | D:4      | Identified a scroll of acquirement
  4935 | D:4      | Acquired the +5 broad axe of Offence {elec, rElec Str-4
                  | Dex+2}
  5035 | D:5      | Entered Level 5 of the Dungeon
  5041 | D:5      | Reached skill level 5 in Armour
  5041 | D:5      | Reached skill level 5 in Shields
  5043 | D:5      | Reached XP level 7. HP: 54/54 MP: 7/7
  5268 | D:5      | Found an iron altar of Okawaru.
  5459 | D:5      | Reached *** piety under Makhleb
  5499 | D:5      | Reached XP level 8. HP: 57/63 MP: 8/8
  6513 | D:6      | Noticed Dowan
  6528 | D:6      | Reached XP level 9. HP: 34/71 MP: 9/9
  6535 | D:6      | Killed Dowan
  6605 | D:6      | Noticed Duvessa
  6611 | D:6      | Killed Duvessa
  6933 | D:6      | Identified the +3 trident of Inflation {vorpal, *Slow
                  | +Blink rCorr MP+9}
  7428 | D:6      | Reached **** piety under Makhleb
  7969 | D:7      | Found a staircase to the Ecumenical Temple.
  7975 | D:7      | Reached skill level 1 in Invocations
  7985 | Temple   | Entered the Ecumenical Temple
  8349 | D:7      | Reached skill level 1 in Evocations
  9038 | D:8      | Found a flagged portal.
  9074 | Bailey   | Entered a bailey
  9275 | Bailey   | Found a large runed translucent door.
  9275 | Bailey   | Found a large runed translucent door.
  9276 | Bailey   | Noticed a deep elf zephyrmancer
  9276 | Bailey   | Noticed an orc knight
  9285 | Bailey   | Reached XP level 10. HP: 60/81 MP: 12/12
  9285 | Bailey   | Killed an orc knight
  9336 | Bailey   | Killed a deep elf zephyrmancer
 10845 | D:9      | Reached skill level 5 in Invocations
 10851 | D:9      | Reached skill level 10 in Axes
 10859 | D:9      | Reached skill level 5 in Evocations
 10986 | D:9      | Reached XP level 11. HP: 88/89 MP: 15/15
 11048 | D:9      | Noticed rogsnak's ghost (journeyman DsAE)
 11051 | D:9      | Found a runed translucent door.
 11598 | D:9      | Lost mutation: You expend magic power (3 MP) to strengthen
                  | your wands. [potion of mutation]
 11598 | D:9      | Lost mutation: You are frail. (-10% HP) [potion of
                  | mutation]
 11598 | D:9      | Gained mutation: Your muscles are strong. (Str +2) [potion
                  | of mutation]
 11799 | D:9      | Killed rogsnak's ghost
 11800 | D:9      | Reached skill level 10 in Fighting
 11807 | D:9      | Got the Collected Works on Clay
 11872 | D:10     | Entered Level 10 of the Dungeon
 11872 | D:10     | Noticed Erica
 11872 | D:10     | Noticed Nergalle
 11888 | D:10     | Found Usaykhupn's Mass Market.
 12127 | D:10     | Killed Nergalle
 12130 | D:10     | Reached ***** piety under Makhleb
 12155 | D:9      | Killed Erica
 12564 | D:10     | Bought a +0 plate armour of positive energy for 432 gold
                  | pieces
 12745 | D:10     | Found Juyh's Jewellery Emporium.
 12784 | D:10     | Found a staircase to the Lair.
 12937 | D:11     | Reached skill level 10 in Armour
 12937 | D:11     | Reached skill level 10 in Shields
 13005 | D:11     | Noticed a two-headed ogre
 13017 | D:11     | Killed a two-headed ogre
 13018 | D:11     | Reached XP level 12. HP: 107/108 MP: 17/17
 13130 | D:11     | Noticed a six-headed hydra
 13179 | D:11     | Killed a seven-headed hydra
 13707 | D:11     | Noticed a two-headed ogre
 13711 | D:11     | Killed a two-headed ogre
 13850 | Lair:1   | Entered Level 1 of the Lair of Beasts
 16200 | D:12     | Noticed an eight-headed hydra
 16200 | D:12     | Found Bef Sien's Magic Scroll Shoppe.
 16206 | D:12     | Killed an eight-headed hydra
 16239 | D:12     | Bought a scroll of teleportation for 33 gold pieces
 16239 | D:12     | Bought a scroll of summoning for 104 gold pieces
 16239 | D:12     | Bought a scroll of summoning for 104 gold pieces
 16239 | D:12     | Bought 2 scrolls of silence for 165 gold pieces
 16239 | D:12     | Bought a scroll of magic mapping for 38 gold pieces
 16344 | D:12     | Found Cilerroin's Magic Scroll Boutique.
 16359 | D:12     | Found Qazott's Antique Weapon Boutique.
 16371 | D:12     | Noticed a two-headed ogre
 16383 | D:12     | Killed a two-headed ogre
 16600 | D:12     | Found the +8 trident of the Octopus King {venom, rElec
                  | rPois}
 16655 | D:12     | Reached XP level 13. HP: 99/117 MP: 20/20
 16800 | D:12     | Reached skill level 10 in Invocations
 17010 | D:12     | Found a staircase to the Orcish Mines.
 17015 | D:12     | Reached skill level 10 in Evocations
 17303 | D:12     | Found Ownegy's Antique Weapon Emporium.
 17343 | D:12     | Found Soyquch's Distillery.
 17349 | D:12     | Bought a potion of might for 52 gold pieces
 17815 | D:13     | HP: 3/118 [troll (8)]
 18574 | D:13     | Slain by an enormous slime creature

Illustrated notes

Levels and vault maps discovered:
D:1:      minmay_arrival_shoal_huts, layout_basic, ebering_ecumenical_altar_rust
D:2:      layout_basic, uniq_robin
D:3:      kennysheep_the_goblin_king, layout_basic
D:4:      layout_cave_pods
D:5:      layout_basic, mainiacjoe_overflow_concentric_impassable,
          minmay_misc_feat_diagonals
D:6:      layout_basic, kennysheep_generic_room_13, uniq_duvessa
D:7:      layout_basic, temple_green, kennysheep_big_empty_room
D:8:      layout_layer_cave, enter_bailey_8, chequers_serial_rivers_micro_e
D:9:      layout_irregular_city, hellmonk_ghost_big_iron
D:10:     layout_cross, minmay_lair_entry_grove, serial_shops,
          nicolae_diamond_shop, minmay_shop_mass, minmay_circle_x, uniq_erica,
          uniq_nergalle
D:11:     layout_loops_ring
D:12:     layout_basic, zombieorc2_lemuel, serial_shops,
          nicolae_shop_hallway_stairs, nicolae_shop_trees,
          nicolae_stop_n_shop_2, nicolae_stop_n_shop_2, shop,
          minmay_fractal_squares_5
D:13:     layout_basic, kennysheep_generic_room_10
Temple:   regret_index_temple_sigil_plot
Lair:1:   layout_cave_pods
Lair:2:   layout_regular_city, cheibrodos_lair_caveside_slide

Skill      XL: |  1  2  3  4  5  6  7  8  9 10 11 12 13 |
---------------+----------------------------------------+-----
Axes           | 3 4 5 6 7 9 10 11 12 | 12.9
Fighting       | 4 5 6 7 8 9 10 11 12 | 12.2
Armour         | 4 5 7 8 9 10 11 | 11.3
Shields        | 4 5 6 8 9 10 11 | 11.3
Invocations    | 3 5 7 9 11 | 11.0
Evocations     | 2 5 7 9 10 | 10.4

Action                   |  1- 3 |  4- 6 |  7- 9 | 10-12 | 13-15 || total
-------------------------+-------+-------+-------+-------+-------++-------
Melee: War axe           |   110 |   150 |       |       |       ||   260
       Broad axe         |       |     5 |   238 |   329 |   150 ||   722
Invok: Lesser Servant of |       |       |     1 |     4 |       ||     5
       Minor Destruction |       |       |       |     3 |       ||     3
Evoke: Wand              |       |       |       |    10 |       ||    10
  Use: Potion            |     1 |     2 |     1 |     6 |     2 ||    12
       Scroll            |       |     8 |     6 |     8 |       ||    22
Armor: Scale mail        |    57 |    66 |   167 |   127 |       ||   417
       Skin              |       |    15 |       |       |       ||    15
       Plate armour      |       |       |       |   158 |   111 ||   269
Dodge: Dodged            |    43 |    84 |    87 |   151 |    29 ||   394
Block: Buckler           |    21 |    41 |    58 |    62 |       ||   182
       Kite shield       |       |       |       |   113 |    85 ||   198

Table legend: (Time is in decaauts)
 A = Elapsed time spent in this place.
 B = Non-inter-level travel time spent in this place.
 C = Inter-level travel time spent in this place.
 D = Time resting spent in this place.
 E = Time spent auto-exploring this place.
 F = Levels seen in this place.
 G = Mean time per level.
                   A        B        C        D        E       F      G
               +--------+--------+--------+--------+--------+-----+--------+
         Total |  18784 |  18043 |    741 |   4317 |  10966 |  17 | 1104.9 |
       Dungeon |  15423 |  14817 |    606 |   3607 |   8905 |  13 | 1186.4 |
        Temple |    282 |    266 |     16 |      0 |    249 |   1 |  282.0 |
          Lair |   2335 |   2216 |    119 |    346 |   1675 |   2 | 1167.5 |
        Bailey |    742 |    742 |      0 |    364 |    137 |   1 |  742.0 |
               +--------+--------+--------+--------+--------+-----+--------+

Top non-repeatable levels by time:
     D:6: 1510 daAuts
     D:3: 1502 daAuts
     D:4: 1492 daAuts
     D:9: 1433 daAuts
    D:12: 1322 daAuts
  Lair:1: 1320 daAuts
     D:2: 1186 daAuts
     D:1: 1164 daAuts
     D:8: 1077 daAuts
    D:13: 1072 daAuts
  Lair:2: 1015 daAuts
     D:5: 993 daAuts
     D:7: 962 daAuts
    D:11: 913 daAuts
    D:10: 792 daAuts
